 Dungeon Crawl Stone Soup version 0.29.1-4-g47bece8355 (webtiles) character file.

Game seed: 10591461233650290430

88 safid the Shooter (level 4, -7/60 HPs)
             Began as a Minotaur Hunter on Dec 1, 2022.
             Mangled by a gnoll
             ... wielding a +0 whip
              (8 damage)
             ... on level 3 of the Dungeon.
             The game lasted 00:01:24 (780 turns).

safid the Shooter (Minotaur Hunter)                  Turns: 780, Time: 00:01:25

Health: -7/60      AC:  3    Str: 15    XL:     4   Next: 29%
Magic:  3/3        EV: 12    Int:  6    God:
Gold:   76         SH:  0    Dex: 16    Spells: 3/3 levels left

rFire   . . .      SeeInvis +   a - +0 shortbow
rCold   . . .      Faith    .   (shield currently unavailable)
rNeg    . . .      Spirit   .   c - +0 leather armour
rPois   .          Reflect  .   (helmet restricted)
rElec   .          Harm     .   (no cloak)
rCorr   .          Rampage  .   (no gloves)
Will    .....                   (no boots)
Stlth   ..........              (no amulet)
HPRegen 0.20/turn               j - ring of see invisible
MPRegen 0.08/turn               (no ring)

@: berserking, very quick
A: horns 2, retaliatory headbutt
a: no special abilities


You were on level 3 of the Dungeon.
You visited 1 branch of the dungeon, and saw 4 of its levels.

You collected 76 gold pieces.

Inventory:

Hand Weapons
 a - a +0 shortbow (weapon)
Armour
 c - a +0 leather armour (worn)
Jewellery
 j - a ring of see invisible (left hand)
Scrolls
 b - 2 scrolls of immolation
 d - a scroll of summoning {unknown}
 f - a scroll of teleportation {unknown}
 g - 3 scrolls of butterflies {unknown}
 l - a scroll of vulnerability {unknown}
 m - a scroll of blinking {unknown}
Potions
 e - 2 potions of heal wounds {unknown}
 h - a potion of cancellation {unknown}
 k - 2 potions of degeneration {unknown}


   Skills:
 + Level 4.3 Fighting
 + Level 5.4 Ranged Weapons
 - Level 2.1 Dodging
 - Level 0.7 Stealth


You had 3 spell levels left.
You didn't know any spells.
Your spell library was empty.

Dungeon Overview and Level Annotations

Branches:
Dungeon (4/15)
 Temple: D:4-7

Altars:


Innate Abilities, Weirdness & Mutations

You have a pair of horns on your head.
You reflexively headbutt those who attack you in melee.


Message History

You shoot an arrow. The arrow barely misses the gnoll.
The arrow hits the gnoll.
The gnoll is lightly wounded.
The gnoll hits you with a +0 flail.
* * * LOW HITPOINT WARNING * * *
The orc hits you with a +0 hand axe.
* * * LOW HITPOINT WARNING * * *
Unknown command.
It was a potion of berserk rage.
A red film seems to cover your vision as you go berserk!
You feel yourself moving faster!
You feel mighty! The orc hits you with a +0 hand axe.
* * * LOW HITPOINT WARNING * * *
The gnoll hits you with a +0 flail!
* * * LOW HITPOINT WARNING * * *
Really attack while wielding your +0 shortbow?
You clumsily bash the gnoll.
Your headbutt misses the gnoll.
The gnoll is severely wounded.
The gnoll misses you. The orc misses you.
You barely miss the gnoll.
The gnoll is severely wounded.
The gnoll barely misses you. The orc closely misses you.
You furiously retaliate!
You headbutt the orc. You barely miss the gnoll.
The gnoll is severely wounded.
The gnoll hits you with a +0 flail.
* * * LOW HITPOINT WARNING * * *
The orc hits you but does no damage.
You closely miss the gnoll. You headbutt the gnoll.
You kill the gnoll!
The orc barely misses you. You furiously retaliate!
You headbutt the orc, but do no damage.
An orc comes into view. It is wielding a +3 trident.
An orc comes into view. It is wielding a +0 mace.
Unknown command.
You barely miss the gnoll.
The gnoll is lightly wounded.
The orc shouts! x2
The orc hits you but does no damage. The gnoll hits you with a +0 whip!
You die...

#........
#........
#........
#####........
#..........o.
#......>...o.
#............
#.....o.....#
#####@####.#.
#g## #..###.#
#......#
#.........#
#..♣..#...$#
#.......(....
#.....♣..#...
#..>g........


You could see a gnoll and 3 orcs.

Vanquished Creatures
  Natasha (twice) (D:2)
  2 gnolls (D:3)
  2 endoplasms (D:1)
  2 goblins (D:1)
  3 hobgoblins
  2 quokkas (D:1)
  4 ball pythons (D:1)
  2 frilled lizards (D:1)
  A kobold (D:1)
  A rat (D:1)
21 creatures vanquished.

Notes
Turn   | Place    | Note
-------+----------+-------------------------------------------
     0 | D:1      | safid the Minotaur Hunter began the quest for the Orb.
     0 | D:1      | Reached XP level 1. HP: 18/18 MP: 0/0
   158 | D:1      | Reached XP level 2. HP: 26/26 MP: 1/1
   487 | D:2      | Noticed Natasha
   490 | D:2      | Killed Natasha
   491 | D:2      | Reached skill level 5 in Ranged Weapons
   491 | D:2      | Reached XP level 3. HP: 25/33 MP: 2/2
   582 | D:2      | Noticed Natasha
   591 | D:2      | Killed Natasha
   745 | D:2      | You fall into a shaft and drop 2 floors!
   768 | D:3      | Reached XP level 4. HP: 37/40 MP: 3/3
   775 | D:3      | HP: 2/60 [gnoll/+0 flail (7)]
   780 | D:3      | Mangled by a gnoll

Illustrated notes

Levels and vault maps discovered:
D:1:      amcnicky_arrival_double_pillar, layout_basic
D:2:      layout_loops_cross, hellmonk_ecumenical_altar_crossroads,
          uniq_natasha, uniq_terence
D:3:      layout_rooms, mainiacjoe_overflow_concentric_impassable,
          elyvilon_altar_1, grunt_ministairs_9
D:4:      layout_basic

Skill      XL: |  1  2  3 |
---------------+----------+-----
Fighting       | 3 4 |  4.3
Ranged Weapons | 5 |  5.4
Dodging        | |  2.1
Stealth        | |  0.7

Action                   |  1- 3 |  4- 6 || total
-------------------------+-------+-------++-------
Melee: Shortbow          |       |     5 ||     5
       Headbutt          |       |     1 ||     1
 Fire: Shortbow          |    48 |     7 ||    55
  Use: Potion            |       |     1 ||     1
Armor: Leather armour    |       |     2 ||     2
Dodge: Dodged            |     4 |    10 ||    14
